 Dungeon Crawl Stone Soup version 0.23-a0-489-g205b0b6 (webtiles) character file.

411 MisterFreud the Caller (level 6, -1/44 HPs)
             Began as a Gnoll Summoner on Dec 2, 2018.
             Slain by a sky beast (6 damage)
             ... on level 4 of the Dungeon.
             The game lasted 00:12:45 (5478 turns).

MisterFreud the Caller (Gnoll Summoner)             Turns: 5478, Time: 00:12:46

Health: -1/44      AC:  2    Str: 10    XL:     6   Next: 90%
Magic:  10/14      EV: 15    Int: 20    God:
Gold:   143        SH:  0    Dex: 15    Spells: 5/15 levels left

rFire    . . .     SeeInvis .   f - +0 falchion (curse)
rCold    . . .     Gourm    .   (no shield)
rNeg     . . .     Faith    .   a - +0 robe
rPois    .         Spirit   .   (no helmet)
rElec    .         Reflect  .   (no cloak)
rCorr    .         Harm     .   (no gloves)
MR       .....                  (no boots)
Stlth    +++.......             (no amulet)
HPRegen  0.14/turn              b - ring of wizardry
MPRegen  0.14/turn              m - ring of wizardry

@: no status effects
A: distributed training, fangs 1, strong nose
a: no special abilities


You were on level 4 of the Dungeon.
You were hungry.

You visited 1 branch of the dungeon, and saw 5 of its levels.

You collected 143 gold pieces.

Inventory:

Hand Weapons
 e - a +0 dagger
 f - a cursed +0 falchion (weapon)
Missiles
 g - 39 poisoned needles
 h - 8 javelins (quivered)
 k - 140 stones
 l - 17 bolts
 q - 15 sling bullets
Armour
 a - a +0 robe (worn)
 o - +0 shadow dragon scales
Jewellery
 b - a ring of wizardry (left hand)
 j - an uncursed ring of protection from fire
 m - a ring of wizardry (right hand)
 p - an uncursed ring of protection from cold {unknown}
Wands
 r - a wand of polymorph (8)
Potions
 d - a potion of might {unknown}
 i - 2 potions of flight
 s - 2 potions of curing
Comestibles
 c - 11 rations


   Skills:
 + Level 2.1 Fighting
 + Level 2.1 Short Blades
 + Level 2.1 Long Blades
 + Level 2.1 Axes
 + Level 2.1 Maces & Flails
 + Level 2.1 Polearms
 + Level 2.1 Staves
 + Level 2.1 Slings
 + Level 2.1 Bows
 + Level 2.1 Crossbows
 + Level 2.1 Throwing
 + Level 2.1 Armour
 + Level 5.0 Dodging
 + Level 4.7 Stealth
 + Level 2.1 Shields
 + Level 2.1 Unarmed Combat
 + Level 5.4 Spellcasting
 + Level 1.6 Conjurations
 + Level 1.6 Hexes
 + Level 1.6 Charms
 + Level 7.3 Summonings
 + Level 1.6 Necromancy
 + Level 1.6 Translocations
 + Level 1.6 Transmutations
 + Level 1.6 Fire Magic
 + Level 1.6 Ice Magic
 + Level 1.6 Air Magic
 + Level 1.6 Earth Magic
 + Level 1.6 Poison Magic
 + Level 2.3 Invocations
 + Level 2.1 Evocations


You had 5 spell levels left.
You knew the following spells:

 Your Spells              Type           Power        Failure   Level  Hunger
a - Summon Ice Beast      Ice/Summ       ###.....     4%          4    ####...
b - Call Imp              Summ           ####....     1%          2    None
c - Summon Lightning Spi  Summ/Air       ###.....     4%          4    ####...

Your spell library contained the following spells:

 Spells                   Type           Power        Failure   Level  Hunger
 Summon Small Mammal      Summ           ####         1%          1    None
 Call Canine Familiar     Summ           ####....     1%          3    ##.....
 Summon Guardian Golem    Hex/Summ       ###.....     1%          3    ##.....


Dungeon Overview and Level Annotations

Branches:
Dungeon (5/15)
 Temple: D:4-7

Altars:
Ru
Yredelemnul

Annotations:
D:2 2 transporters


Innate Abilities, Weirdness & Mutations

Your experience applies equally to all skills.
You have very sharp teeth.
Your uncanny sense of smell can sniff out nearby items.


Message History

The sky beast closely misses you.
You riposte.
You hit the sky beast.
The sky beast is moderately wounded.
Casting: Summon Lightning Spire (safe; 4% risk of failure)
Confirm with . or Enter, or press ? or * to list all spells.
Aiming: Summon Lightning Spire (safe; 4% risk of failure)
Press: ? - help, Dir - move target cursor, f - sky beast
Aim: a sky beast (lightly wounded)
Okay, then.
Casting: Summon Lightning Spire (safe; 4% risk of failure)
Confirm with . or Enter, or press ? or * to list all spells.
Aiming: Summon Lightning Spire (safe; 4% risk of failure)
Press: ? - help, Dir - move target cursor An electric hum fills the air.
You are feeling hungry.
The sky beast flickers out of sight!
Deactivating autopickup; reactivate with Ctrl-A.
Something hits you.
* * * LOW HITPOINT WARNING * * *
Something shocks you.
You die...

#####...........#####.
#......###...##...
#...#### ##..#..#.
##...)#####....##.
##.###......#..##.
#####..# ###..###..#..
##>.....# ##.# ##.#.≈
##.####{8# #.# ##..≈
##.## #@.## #.# #..#
##.## #...## #.# ##..#
#.## ##...## #.#
##...# #..#
#....###.###..### ####
#.....#......###≈
#............# ##
#####.......##...####
#...#.......##.......
###.................#


You could see a friendly lightning spire.

Vanquished Creatures
  Jessica (D:2)
  An orc wizard (D:3)
  2 adders
  An ooze (D:3)
  2 worms (D:2)
  A leopard gecko (D:3)
  3 orcs (D:4)
  5 giant cockroaches
  A gnoll zombie (D:4)
  6 goblins
  9 hobgoblins
  6 kobolds
  3 quokkas (D:4)
  5 bats
  5 frilled lizards
  A quokka skeleton (D:4)
  6 rats
58 creatures vanquished.

Vanquished Creatures (collateral kills)
  2 ogres (D:4)
  A water moccasin skeleton (D:4)
  A crimson imp (D:5)
  2 orc priests
  An orc wizard (D:3)
  A worker ant (D:4)
  6 adders
  An ooze (D:3)
  A worm (D:3)
  2 dart slugs
  A leopard gecko (D:1)
  9 orcs
  3 bats
  A giant cockroach (D:3)
  2 goblins
  3 hobgoblins
  A frilled lizard (D:3)
  A gnoll zombie (D:4)
  4 kobolds
43 creatures vanquished.

Grand Total: 101 creatures vanquished

Notes
Turn   | Place    | Note
-------+----------+-------------------------------------------
     0 | D:1      | MisterFreud the Gnoll Summoner began the quest for the Orb.
     0 | D:1      | Reached XP level 1. HP: 13/13 MP: 6/6
   518 | D:1      | Reached XP level 2. HP: 19/19 MP: 7/7
   694 | D:1      | Learned a level 2 spell: Call Imp
  1664 | D:2      | Reached XP level 3. HP: 25/25 MP: 7/9
  1679 | D:2      | Reached skill level 5 in Spellcasting
  1845 | D:2      | Found a sacrificial altar of Ru.
  1846 | D:2      | Found a transporter.
  1858 | D:2      | Found a transporter.
  1914 | D:2      | Reached skill level 1 in Invocations
  1950 | D:2      | Reached skill level 1 in Fighting
  1950 | D:2      | Reached skill level 1 in Short Blades
  1950 | D:2      | Reached skill level 1 in Long Blades
  1950 | D:2      | Reached skill level 1 in Axes
  1950 | D:2      | Reached skill level 1 in Maces & Flails
  1950 | D:2      | Reached skill level 1 in Polearms
  1950 | D:2      | Reached skill level 1 in Staves
  1950 | D:2      | Reached skill level 1 in Slings
  1950 | D:2      | Reached skill level 1 in Bows
  1950 | D:2      | Reached skill level 1 in Crossbows
  1950 | D:2      | Reached skill level 1 in Throwing
  1950 | D:2      | Reached skill level 1 in Armour
  1950 | D:2      | Reached skill level 1 in Shields
  1950 | D:2      | Reached skill level 1 in Unarmed Combat
  1950 | D:2      | Reached skill level 1 in Evocations
  2184 | D:2      | Reached XP level 4. HP: 32/32 MP: 11/11
  2194 | D:2      | Learned a level 4 spell: Summon Lightning Spire
  2465 | D:2      | Noticed Jessica
  2472 | D:2      | Killed Jessica
  2472 | D:2      | Reached skill level 1 in Conjurations
  2472 | D:2      | Reached skill level 1 in Hexes
  2472 | D:2      | Reached skill level 1 in Charms
  2472 | D:2      | Reached skill level 1 in Necromancy
  2472 | D:2      | Reached skill level 1 in Translocations
  2472 | D:2      | Reached skill level 1 in Transmutations
  2472 | D:2      | Reached skill level 1 in Fire Magic
  2472 | D:2      | Reached skill level 1 in Ice Magic
  2472 | D:2      | Reached skill level 1 in Air Magic
  2472 | D:2      | Reached skill level 1 in Earth Magic
  2472 | D:2      | Reached skill level 1 in Poison Magic
  2695 | D:2      | Learned a level 4 spell: Summon Ice Beast
  2737 | D:3      | Reached XP level 5. HP: 37/37 MP: 7/12
  3782 | D:4      | Noticed an ogre
  3790 | D:4      | Killed an ogre
  3790 | D:4      | Reached XP level 6. HP: 39/44 MP: 8/13
  4171 | D:4      | Reached skill level 5 in Dodging
  4694 | D:4      | Found a basalt altar of Yredelemnul.
  5361 | D:5      | Entered Level 5 of the Dungeon
  5417 | D:5      | Noticed a sky beast
  5478 | D:4      | Slain by a sky beast

Vault maps used:
D:1:      dpeg_arrival_more_subterranean_lakeside_camping
D:2:      gammafunk_temple_overflow_arena, first_ration, uniq_jessica
D:3:      minmay_quantized
D:4:      lemuel_zombie_altar_yredelemnul, st_stairs_1, chequers_big_river
D:5:      st_stairs_13, uniq_grinder

Skill      XL: |  1  2  3  4  5  6 |
---------------+-------------------+-----
Spellcasting   | 5 |  5.4
Invocations    | 1 2 |  2.3
Fighting       | 1 2 |  2.1
Short Blades   | 1 2 |  2.1
Long Blades    | 1 2 |  2.1
Axes           | 1 2 |  2.1
Maces & Flails | 1 2 |  2.1
Polearms       | 1 2 |  2.1
Staves         | 1 2 |  2.1
Slings         | 1 2 |  2.1
Bows           | 1 2 |  2.1
Crossbows      | 1 2 |  2.1
Throwing       | 1 2 |  2.1
Armour         | 1 2 |  2.1
Shields        | 1 2 |  2.1
Unarmed Combat | 1 2 |  2.1
Evocations     | 1 2 |  2.1
Conjurations   | 1 |  1.6
Hexes          | 1 |  1.6
Charms         | 1 |  1.6
Necromancy     | 1 |  1.6
Translocations | 1 |  1.6
Transmutations | 1 |  1.6
Fire Magic     | 1 |  1.6
Ice Magic      | 1 |  1.6
Air Magic      | 1 |  1.6
Earth Magic    | 1 |  1.6
Poison Magic   | 1 |  1.6
Dodging        | 5 |  5.0
Stealth        | |  4.7
Summonings     | |  7.3

Action                   |  1- 3 |  4- 6 || total
-------------------------+-------+-------++-------
Melee: Dagger            |    92 |   137 ||   229
       Bite              |     7 |    17 ||    24
       Unarmed           |     2 |       ||     2
       Punch             |       |     1 ||     1
       Falchion          |       |    33 ||    33
 Cast: Summon Small Mamm |     8 |       ||     8
       Call Imp          |     7 |     2 ||     9
       Summon Lightning  |       |    20 ||    20
       Summon Ice Beast  |       |     1 ||     1
  Use: Scroll            |       |     7 ||     7
       Potion            |       |     1 ||     1
 Stab: Sleeping          |     9 |    12 ||    21
       Distracted        |       |     1 ||     1
  Eat: Chunk             |     4 |    13 ||    17
Armor: Robe              |    16 |    29 ||    45
Dodge: Dodged            |    71 |   104 ||   175
       Rpst.: Falchion   |       |     7 ||     7

Table legend:
 A = Non-vault XP
 B = Vault XP
 C = Vault XP percentage of total XP
 D = Non-vault monster count
 E = Vault monster count
 F = Vault count percentage of total count
                 A         B        C        D         E       F
            +---------+---------+-------+---------+---------+-------
      Total |     393 |     195 |  33.2 |      91 |      10 |   9.9
            +---------+---------+-------+---------+---------+-------
        D:1 |      27 |       0 |   0.0 |      20 |       0 |   0.0
        D:2 |      82 |      37 |  31.1 |      28 |       1 |   3.4
        D:3 |     149 |      13 |   8.0 |      26 |       4 |  13.3
        D:4 |     108 |     120 |  52.6 |      12 |       4 |  25.0
        D:5 |      27 |      25 |  48.1 |       5 |       1 |  16.7
            +---------+---------+-------+---------+---------+-------
